 Dungeon Crawl Stone Soup version 0.20-a0-920-gb18bc0f (webtiles) character file.

282 Gorglomux the Slasher (level 6, -4/47 HPs)
             Began as a Vampire Chaos Knight on Mar 25, 2017.
             Slain by a gnoll
             ... wielding a +0 spear
              (6 damage)
             ... on level 4 of the Dungeon.
             The game lasted 00:14:48 (3049 turns).

Gorglomux the Slasher (Vampire Chaos Knight)        Turns: 3049, Time: 00:14:48

Health: -4/47      AC:  4    Str: 11    XL:     6   Next: 6%
Magic:  6/6        EV: 10    Int: 14    God:    Xom [......]
Gold:   135        SH:  0    Dex: 14    Spells: 5/5 levels left

rFire    + . .     SeeInvis +   a - +0 falchion (chaos)
rCold    + . .     Gourm    .   (no shield)
rNeg     + . .     Faith    .   n - +0 scale mail (curse)
rPois    +         Spirit   .   (no helmet)
rElec    +         Reflect  .   q - +0 cloak
rCorr    +         Harm     .   (no gloves)
MR       .....                  (no boots)
Stlth    +.........             (no amulet)
Regen    0.4/turn               j - ring of flight {+Fly, !d}
MPRegen  0.1/turn               l - ring of positive energy {rN+}

@: resistant, regenerating quickly
A: fangs 3, see invisible, deformed body, weak 1, unbreathing
a: Renounce Religion, Evoke Flight


You were on level 4 of the Dungeon.
You worshipped Xom.
You were a very special plaything of Xom.
You were very full.

You visited 1 branch of the dungeon, and saw 4 of its levels.

You collected 135 gold pieces.

Inventory:

Hand Weapons
 a - a +0 falchion of chaos (weapon)
 b - a +0 hunting sling
   (You found it on level 2 of the Dungeon)
Missiles
 e - 150 stones (quivered)
Armour
 n - a cursed +0 scale mail (worn)
   (You found it on level 2 of the Dungeon)
 p - a +2 leather armour
 q - a +0 cloak (worn)
   (You took it off Crazy Yiuf on level 2 of the Dungeon)
Jewellery
 j - a ring of flight (left hand) {+Fly, !d}
   (You found it on level 1 of the Dungeon)
 l - a ring of positive energy (right hand) {rN+}
   (You found it on level 2 of the Dungeon)
Wands
 s - a wand of digging (12/24)
   (You found it on level 3 of the Dungeon)
Scrolls
 f - 2 scrolls of amnesia {unknown}
 g - a scroll of enchant weapon {unknown}
 h - a scroll of blinking {!r}
 k - 4 scrolls of teleportation {unknown}
 o - 2 scrolls of recharging {unknown}
Potions
 c - 14 potions of blood {@q1}
 d - 2 potions of flight
 i - 2 potions of haste
 r - 2 potions of lignification {!q}


   Skills:
 + Level 3.5 Fighting
 * Level 5.0 Long Blades
 - Level 0.7 Armour
 + Level 3.5 Dodging
 + Level 4.0 Stealth


You had 5 spell levels left.
You didn't know any spells.

Dungeon Overview and Level Annotations

Branches:
Dungeon (4/15)
 Temple: D:4-7

Altars:
Makhleb
Nemelex Xobeh
Ru
Vehumet
Xom
Yredelemnul


Innate Abilities, Weirdness & Mutations

Your natural rate of healing is unusually fast.
You have razor-sharp teeth.
You have supernaturally acute eyesight. (SInv)
You can survive without breathing.
Armour fits poorly on your strangely shaped body.
You are weak. (Str -2)


Message History

You see here a stone.
A ball python is nearby!
A ball python is nearby!
Aim: a ball python You throw a stone.
The stone hits the ball python but does no damage.
Aim: a ball python You throw a stone.
The stone hits the ball python but does no damage.
Aim: a ball python You throw a stone.
The stone barely misses the ball python.
You hit the ball python.
Space warps horribly around the ball python!
You kill the ball python!
No target in view!
You may need something to eat soon, looking for food.
Can't find anything matching that.
Okay, then.
e - 147 stones (gained 1)
e - 148 stones (gained 1)
e - 149 stones (gained 1)
e - 150 stones (gained 1)
m - a fizzy yellow potion You see here 24 arrows.
A gnoll comes into view. It is wielding a club.
A gnoll is nearby!
A gnoll is nearby!
A gnoll is nearby!
A gnoll comes into view. It is wielding a spear.
The gnoll shouts! x2
A gnoll comes into view. It is wielding a flail.
You don't know any spells.
Unknown command.
You don't know any spells.
The gnoll shouts!
You hear an angry hiss.
The gnoll hits you from afar with a spear.
Found a stone staircase leading up.
You take 5 damage, and have 36/41 hp.
You completely miss the gnoll.
The gnoll hits you from afar with a spear.
The gnoll hits you but does no damage.
You take 2 damage, and have 34/41 hp.
You hit the gnoll.
The gnoll is poisoned.
Your bite misses the gnoll.
The gnoll hits you from afar with a spear.
The gnoll hits you with a club!
You take 9 damage, and have 25/41 hp.
MASSIVE DAMAGE!!
The gnoll hits you but does no damage.
You hit the gnoll. You burn the gnoll.
You kill the gnoll!
You have reached level 6!
Your experience leads to an increase in your attributes!
Your base attributes are Str 12, Int 14, Dex 14.
Increase (S)trength, (I)ntelligence, or (D)exterity?
You feel stronger.
You regained 5 hp, and now have 31/47 hp.
MP restored: 6 You hit the gnoll.
The gnoll looks sleepy for a second.
The gnoll hits you but does no damage. The gnoll completely misses you.
You hit the gnoll.
The gnoll flickers and vanishes for a moment.
The gnoll hits you with a flail. The gnoll closely misses you.
You take 1 damage, and have 30/47 hp.
You hit the gnoll but do no damage.
The gnoll is poisoned.
The gnoll hits you but does no damage. The gnoll hits you with a flail!
You take 8 damage, and have 22/47 hp.
You hit the gnoll but do no damage.
The gnoll appears confused.
You bite the gnoll.
The gnoll hits you from afar with a spear.
You take 4 damage, and have 18/47 hp.
You hit the gnoll.
You kill the gnoll!
The gnoll barely misses you.
The gnoll hits you from afar with a spear.
* * * LOW HITPOINT WARNING * * *
You take 6 damage, and have 13/47 hp.
You see here a fruit.
You see here 5 large rocks {!d}.
You see here a club.
The gnoll hits you with a spear.
You take 1 damage, and have 19/47 hp.
You hit the gnoll. You freeze the gnoll. The gnoll hits you but does no damage.
You hit the gnoll. The gnoll hits you with a spear.
You take 3 damage, and have 17/47 hp.
You barely miss the gnoll. You bite the gnoll, but do no damage.
The gnoll hits you with a spear.
* * * LOW HITPOINT WARNING * * *
You take 4 damage, and have 13/47 hp.
Unknown command.
You hit the gnoll.
The gnoll seems to speed up.
The gnoll hits you with a spear!
* * * LOW HITPOINT WARNING * * *
You take 8 damage, and have 5/47 hp.
It was a potion of resistance.
You feel protected. The gnoll hits you with a spear.
* * * LOW HITPOINT WARNING * * *
The gnoll hits you with a spear.
You die...

#.^....####.......# ###...#####.
#........##.......###...#...# .
#......#..........##..#####.###.
#......#####.........######...#.
#......# ##...........[####...
.#......# ####....####..####..
.###.##### ##.#.....##.#....#
.........# #g.####.......####
.........# #@## #....##.####
.........#######)#####.....#.....
........................##.#####.
#........#####...####.......####.
#........# ###.### #...#.........
##.#.#######...# #.######.#####
#..#.####....### ##.# #.#
#.#..##...#### #..# #.#####
..#.#...### ###.#######......


You could see a gnoll.

Vanquished Creatures
  A scorpion (D:4)
  A water moccasin skeleton (D:4)
  Crazy Yiuf (D:2)
  A hound skeleton (D:4)
  3 gnolls
  4 adders
  An adder skeleton (D:4)
  3 worms
  2 dart slugs
  A leopard gecko (D:1)
  An orc (D:3)
  5 giant cockroaches
  5 goblins
  11 hobgoblins
  4 jackals (D:3)
  A quokka (D:4)
  A ball python (D:4)
  4 bats (D:1)
  6 frilled lizards
  9 kobolds
  9 rats
74 creatures vanquished.

Notes
Turn   | Place    | Note
-------+----------+-------------------------------------------
     0 | D:1      | Gorglomux the Vampire Chaos Knight began the quest for the Orb.
     0 | D:1      | Reached XP level 1. HP: 17/17 MP: 1/1
    38 | D:1      | XOM: butterfly on damage
   389 | D:1      | Reached skill level 1 in Stealth
   389 | D:1      | Reached XP level 2. HP: 21/23 MP: 2/2
   550 | D:1      | Reached skill level 3 in Fighting
   552 | D:1      | XOM: divination: detect creatures
   607 | D:1      | XOM is BORED!
   607 | D:1      | XOM: silly message
   699 | D:1      | Reached XP level 3. HP: 29/29 MP: 3/3
   699 | D:1      | XOM: harmless Fire miscast
  1108 | D:2      | Found a sacrificial altar of Ru.
  1109 | D:2      | Found a burning altar of Makhleb.
  1112 | D:2      | Found a basalt altar of Yredelemnul.
  1112 | D:2      | Found a radiant altar of Vehumet.
  1128 | D:2      | Found a sparkling altar of Nemelex Xobeh.
  1129 | D:2      | Found a shimmering altar of Xom.
  1142 | D:2      | Reached skill level 4 in Long Blades
  1274 | D:2      | Found a runed door.
  1547 | D:2      | XOM: harmless Pois miscast
  1596 | D:2      | Reached skill level 2 in Stealth
  1728 | D:2      | XOM: cloud trail
  1927 | D:2      | Noticed Crazy Yiuf
  1927 | D:2      | XOM: summons 2 friendly demons
  1933 | D:2      | Killed Crazy Yiuf
  1933 | D:2      | Reached XP level 4. HP: 35/35 MP: 4/4
  2383 | D:3      | XOM: medium Erth miscast
  2750 | D:4      | Reached skill level 3 in Dodging
  2750 | D:4      | Reached skill level 3 in Stealth
  2750 | D:4      | Reached XP level 5. HP: 28/41 MP: 5/5
  2815 | D:4      | XOM: give mutations
  2815 | D:4      | Gained mutation: Armour fits poorly on your strangely shaped body. [Xom's mischief]
  2815 | D:4      | Gained mutation: You are weak. (Str -2) [Xom's mischief]
  2920 | D:4      | Reached skill level 5 in Long Blades
  2920 | D:4      | Reached skill level 4 in Stealth
  3017 | D:4      | Reached XP level 6. HP: 30/47 MP: 6/6
  3048 | D:4      | HP: 5/47 [gnoll/spear (9)]
  3049 | D:4      | HP: 2/47 [gnoll/spear (3)]
  3049 | D:4      | Slain by a gnoll

Vault maps used:
D:1:      minmay_arrival_split_and_join
D:2:      grunt_temple_overflow_open, uniq_crazy_yiuf_cottage

Skill      XL: |  1  2  3  4  5 |
---------------+----------------+-----
Stealth        | 1 2 3 4 |  4.0
Fighting       | 3 |  3.5
Long Blades    | 4 5 |  5.0
Dodging        | 3 |  3.5
Armour         | |  0.7

Action                   |  1- 3 |  4- 6 || total
-------------------------+-------+-------++-------
Melee: Falchion          |    95 |   102 ||   197
       Bite              |     8 |     9 ||    17
 Fire: Hunting sling     |       |     6 ||     6
Throw: Stone             |    50 |    21 ||    71
  Use: Potion            |    11 |     9 ||    20
       Scroll            |       |     4 ||     4
 Stab: Sleeping          |     2 |       ||     2
       Confused          |     1 |       ||     1
Armor: Leather armour    |    35 |       ||    35
       Scale mail        |     2 |    48 ||    50
Dodge: Dodged            |    75 |    48 ||   123
       Rpst.: Falchion   |    19 |    13 ||    32

Vault maps used:
D:1:      minmay_arrival_split_and_join
D:2:      grunt_temple_overflow_open, uniq_crazy_yiuf_cottage

Table legend:
 A = Turns spent in this place as a percentage of turns spent in the entire game.
 B = Non-inter-level travel turns spent in this place as a percentage of non-inter-level travel turns spent in the entire game.
 C = Inter-level travel turns spent in this place as a percentage of turns spent in this place.
 D = Turns resting spent in this place as a percentage of non-inter-level travel turns spent in this place.
 E = Turns spent auto-exploring this place as a percentage of non-inter-level travel turns spent in this place.
 F = Non-inter-level travel turns spent in this place divided by the number of levels of this place that you've seen.
                   A       B       C       D       E      F
               +-------+-------+-------+-------+-------+----------------------
         Total | 100.0 | 100.0 |   0.4 |   1.0 |   6.8 | 293.5
       Dungeon | 100.0 | 100.0 |   0.4 |   1.0 |   6.8 | 293.5
               +-------+-------+-------+-------+-------+----------------------

Table legend:
 A = Kills in this place as a percentage of kills in entire the game.
 B = Kills by you in this place as a percentage of kills by you in the entire game.
 C = Kills by friends in this place as a percentage of kills by friends in the entire game.
 D = Other kills in this place as a percentage of other kills in the entire game.
 E = Experience gained in this place as a percentage of experience gained in the entire game.
 F = Experience gained in this place divided by the number of levels of this place that you have seen.
                   A       B       C       D       E      F
               +-------+-------+-------+-------+-------+----------------------
         Total | 100.0 | 100.0 |  -nan |  -nan | 100.0 | 100.8
       Dungeon | 100.0 | 100.0 |  -nan |  -nan | 100.0 | 100.8
               +-------+-------+-------+-------+-------+----------------------
